Map: Dusty Gorge

Players

PunkRockGirl

  • Race: Zerg Zerg
  • Spawn Location: 5:00

Butuslee

  • Race: Protoss Protoss
  • Spawn Location: 3:00

ILIEKEGGPIE - Winner!

  • Race: Terran Terran
  • League: Platinum
  • Spawn Location: 9:00

Sain - Winner!

  • Race: Zerg Zerg
  • League: Gold
  • Spawn Location: 11:00

VOD

Have the link to the VOD?

Description

Time

  • Played on: May 12, 2018, 2:34 p.m.
  • Length: 23:39
Show
View Real Time Build Order
Export as new Build Order

PunkRockGirl Zerg 

Build Orders: Pool First, Lurkers 

Get SALT Encoding   

  12  0:20  Drone x2  
  14  0:22  Overlord  
  14  0:28  Extractor  
  13  0:30  Extractor  
  13  0:31  Drone  
  13  0:49  Spawning Pool  
  12  0:51  Drone  
  13  1:13  Drone x2  
  15  1:26  Drone x2  
  17  1:38  Hatchery  
  16  1:41  Drone  
  17  1:49  Queen  
  19  1:59  Drone  
  20  2:02  Drone  
  21  2:15  Overlord  
  21  2:26  Zergling x2  
  22  2:34  Metabolic Boost  
  22  2:37  Lair  
  22  2:39  Drone  
  22  2:43  Zergling x2  
  24  2:52  Zergling x2  
  25  3:12  Zergling x6  
  27  3:30  Zergling x4  
  25  4:13  Zergling x6  
  28  4:18  Hydralisk Den  
  28  4:19  Drone  
  28  4:20  Drone x2  
  27  5:06  Hydralisk x2  
  27  5:07  Hydralisk  
  29  5:11  Queen  
  29  5:12  Extractor  
  34  5:14  Hydralisk  
  34  5:15  Overlord  
  34  5:16  Overlord x2  
  36  5:26  Overlord x3  
  35  5:30  Spine Crawler  
  35  5:31  Spine Crawler  
  25  6:01  Hydralisk x5  
  25  6:02  Hydralisk  
  37  6:04  Grooved Spines  
  37  6:06  Drone x2  
  37  6:07  Drone  
  40  6:15  Hydralisk  
  40  6:16  Hydralisk x2  
  46  6:21  Lurker Den  
  46  6:23  Hydralisk  
  47  6:31  Hydralisk  
  47  7:05  Drone  
  47  7:06  Drone x2  
  50  7:12  Drone x2  
  50  7:15  Muscular Augments  
  52  7:21  Spine Crawler  
  51  7:27  Hydralisk  
  53  7:36  Drone x3  
  56  7:46  Queen  
  58  8:09  Lurker x5  
  58  8:11  Drone x3  
  58  8:12  Overlord, Drone  
  67  8:20  Extractor  
  67  8:24  Drone x3  
  69  8:45  Lurker x2  
  69  8:46  Lurker  
  72  8:56  Overseer x3  
  72  9:00  Drone x5  
  77  9:10  Overseer  
  77  9:11  Hatchery  
  77  9:13  Hydralisk  
  77  9:14  Hydralisk x2  
  82  9:30  Hydralisk x2  
  84  9:50  Overlord x3  
  84  10:07  Nydus Network  
  84  10:08  Lurker  
  84  10:16  Spore Crawler  
  83  10:24  Spore Crawler, Hydralisk x3  
  83  10:27  Queen  
  90  10:51  Lurker x3  
  90  10:55  Hydralisk x4  
  90  10:56  Hydralisk x2  
  105  11:00  Lurker x4  
  105  11:03  Pneumatized Carapace  
  94  11:34  Nydus Canal  
  94  11:40  Hydralisk x6  
  72  12:16  Hydralisk x3  
  72  12:19  Spawning Pool  
  77  12:25  Hydralisk x3  
  83  12:40  Spire  
  83  12:41  Hydralisk x3  
  88  12:52  Extractor, Hydralisk x2  
  91  13:01  Drone  
  92  13:29  Hydralisk  
  92  13:30  Hydralisk x2  
  92  13:31  Overlord  
  92  13:32  Overlord x2  
  98  13:59  Corruptor x3  
  98  14:00  Corruptor x3  
  110  14:19  Hydralisk  
  110  14:23  Hydralisk x3  
  114  14:31  Queen  
  118  14:32  Hydralisk  
  118  14:33  Overlord  
  118  14:34  Overlord  
  118  14:37  Zerg Flyer Weapons Level 1  
  122  14:40  Overlord x2  
  116  15:01  Overseer  
  116  15:06  Corruptor x2, Hydralisk x3  
  122  15:10  Corruptor x3  
  125  15:28  Corruptor x3  
  131  15:38  Hydralisk Den  
  131  15:41  Corruptor  
  65  16:07  Hydralisk x2  
  54  16:47  Hydralisk  
  54  16:48  Hydralisk x2  
  54  16:52  Hydralisk  
  54  16:53  Hydralisk x7  
  54  16:54  Hydralisk x2  
  27  17:40  Zergling x12  
  33  17:44  Queen  
  34  18:27  Mutalisk x2  
  34  18:28  Mutalisk  
Show
View Real Time Build Order
Export as new Build Order

Butuslee Protoss 

Build Orders:  

Get SALT Encoding   

  12  0:02  Probe  
  13  0:17  Probe  
  14  0:22  Pylon  
  14  0:29  Probe  
  15  0:41  Probe  
  16  0:45  Forge  
  16  0:55  Gateway  
  16  2:19  Cybernetics Core  
  16  2:25  Pylon  
  15  2:35  Probe  
  14  2:43  Probe  
  15  2:47  Pylon  
  15  2:51  Probe  
  13  2:59  Probe  
  12  3:07  Probe  
  13  3:15  Probe  
  12  3:22  Photon Cannon  
  12  3:27  Probe  
  11  3:39  Probe  
  11  3:42  Photon Cannon  
  11  3:51  Probe  
  11  4:03  Probe  
  12  4:11  Assimilator  
  12  4:12  Probe  
  12  4:14  Assimilator  
  13  4:20  Probe  
  13  4:27  Photon Cannon  
  13  4:29  Probe  
  14  4:42  Probe  
  15  4:54  Probe  
  16  5:42  Photon Cannon  
  16  5:47  Nexus  
  15  6:52  Nexus  
  15  6:55  Photon Cannon  
  15  6:57  Photon Cannon  
  15  8:32  Probe  
  16  8:40  Probe  
  17  8:48  Probe  
  18  17:02  Pylon  
  18  17:07  Pylon  
  18  17:09  Forge  
  18  18:01  Photon Cannon  
  18  18:03  Photon Cannon  
Show
View Real Time Build Order
Export as new Build Order

ILIEKEGGPIE Terran - Winner!

Build Orders: MMM Bio 

Get SALT Encoding   

  12  0:02  SCV  
  14  0:14  SCV  
  14  0:22  Supply Depot  
  14  0:26  SCV  
  15  0:39  Refinery  
  15  0:45  Barracks  
  15  0:46  SCV  
  16  0:58  SCV  
  17  1:10  SCV  
  18  1:15  Barracks  
  18  1:22  SCV  
  19  1:28  Refinery  
  19  1:34  Supply Depot, SCV, Reaper  
  21  1:47  Orbital Command  
  21  2:01  Barracks  
  21  2:03  Reaper  
  22  2:13  SCV  
  23  2:41  Reaper x2  
  25  2:57  Reaper  
  26  3:03  SCV  
  27  3:13  Reaper x2  
  27  3:15  SCV  
  30  3:27  SCV  
  31  3:35  Supply Depot  
  31  3:37  Supply Depot  
  31  3:56  SCV, Reaper  
  33  4:09  SCV  
  34  4:13  Barracks Tech Lab  
  34  4:20  Barracks Reactor  
  34  4:23  Supply Depot  
  34  4:34  Combat Shield  
  34  4:39  SCV  
  34  4:42  Factory  
  35  4:56  Command Center  
  35  5:11  SCV  
  36  5:16  Barracks Reactor  
  36  5:18  Engineering Bay, Marine x3  
  36  5:19  Engineering Bay  
  39  5:23  SCV  
  40  5:36  Marauder, Factory Reactor, Marine  
  40  5:40  Starport  
  43  5:56  Stimpack  
  43  5:57  Marine x3  
  43  5:58  Marauder, Marine  
  49  6:16  Refinery  
  49  6:19  Marauder  
  49  6:21  SCV x2  
  49  6:23  Refinery  
  49  6:25  Barracks  
  49  6:50  Marine x3  
  49  6:51  Marauder, Medivac  
  49  6:52  Medivac  
  58  6:56  SCV  
  58  7:00  Orbital Command  
  59  7:03  Marine  
  59  7:08  Terran Infantry Weapons Level 1, Terran Infantry Armor Level 1, Marine  
  61  7:11  Armory  
  61  7:12  Marauder  
  61  7:15  SCV  
  64  7:26  SCV  
  64  7:27  SCV  
  66  7:30  Barracks Tech Lab  
  66  7:32  Barracks  
  66  7:34  Marauder  
  68  7:38  SCV  
  68  7:39  SCV  
  70  7:50  SCV  
  70  7:58  Supply Depot  
  70  8:02  SCV x2, Marine x3  
  70  8:03  Marauder, Concussive Shells  
  75  8:14  SCV  
  75  8:15  SCV  
  75  8:19  Marine  
  77  8:20  Marauder, Medivac x2  
  77  8:21  Supply Depot  
  77  8:24  Marauder  
  77  8:25  Supply Depot  
  77  8:26  SCV  
  88  8:27  SCV  
  88  8:28  Barracks Reactor  
  88  8:42  Marine x4  
  88  8:43  Marauder, Supply Depot  
  88  8:45  Marauder  
  88  8:48  Supply Depot x2  
  96  9:00  Marine  
  97  9:07  Supply Depot  
  97  9:11  Marine x4  
  97  9:12  Marauder x2, Medivac x2  
  106  9:29  Supply Depot  
  93  9:47  Marine x3  
  93  9:48  Marauder x2, Marine x2  
  102  9:57  Command Center  
  101  10:09  Marauder  
  103  10:21  Terran Infantry Armor Level 2  
  99  10:26  Marine x4  
  99  10:27  Marauder, Marine  
  106  10:31  Marauder  
  108  10:48  Marauder  
  108  10:49  Medivac x2  
  109  11:19  Medivac  
  72  11:29  Unknown  
  70  11:38  Unknown  
  58  12:09  Marine x2  
  58  12:10  Marine x3  
  58  12:11  Marauder x2, Marine  
  58  12:15  Missile Turret  
  68  12:17  Missile Turret  
  68  12:20  Missile Turret  
  68  12:27  Marine x3  
  68  12:28  Marine  
  72  12:32  Marauder x2, Missile Turret  
  72  12:33  Missile Turret  
  76  12:37  Missile Turret  
  76  12:42  Missile Turret  
  76  12:52  Missile Turret  
  76  12:53  Marauder x2  
  76  12:54  Marine x2  
  76  12:55  Marine x3  
  76  12:56  Marine  
  86  13:04  Orbital Command  
  86  13:12  Missile Turret, Marine x2  
  87  13:15  Marauder x2  
  92  13:25  Terran Infantry Armor Level 3  
  92  13:26  Engineering Bay  
  92  13:31  Missile Turret  
  92  13:36  Marauder  
  94  13:52  Missile Turret, Marine  
  94  13:53  Marauder, Marine x3  
  94  13:54  Marine x2  
  102  13:56  Medivac x2  
  102  13:57  Marauder  
  108  14:10  Refinery, Marine x2  
  108  14:11  Refinery  
  108  14:15  Marauder, Marine x3  
  108  14:16  Marine  
  116  14:19  Marauder  
  116  14:20  Command Center  
  118  14:26  Medivac  
  118  14:28  Marine x2  
  122  14:31  Factory  
  122  14:33  Marine x3  
  122  14:34  Marine  
  122  14:36  Marauder  
  128  14:40  Marauder  
  123  14:46  Marine x2  
  123  14:51  Marine  
  109  14:57  Marauder  
  106  15:02  Marauder  
  106  15:05  Marine x3  
  106  15:06  Marine  
  112  15:16  Factory  
  112  15:19  Marauder  
  114  15:23  Marauder  
  116  15:38  Factory Tech Lab, Terran Vehicle Weapons Level 1  
  116  15:40  Marauder  
  118  15:44  Marauder  
  118  15:56  Factory Tech Lab  
  97  16:02  Marauder, Factory  
  99  16:05  Marine x3  
  99  16:06  Marauder, Marine  
  99  16:10  Marine  
  99  16:11  Marine  
  103  16:23  Marauder, Marine x2  
  103  16:25  Factory Tech Lab  
  107  16:33  Command Center  
  107  16:34  Orbital Command  
  107  16:39  Missile Turret  
  107  16:40  Missile Turret  
  107  16:47  Factory  
  100  16:59  Missile Turret  
  96  17:02  Missile Turret, Marine x3  
  96  17:03  Marine x3  
  96  17:04  Marauder x2  
  105  17:20  Marine x4  
  105  17:21  Marine x2  
  99  17:25  Marauder  
  95  17:34  Medivac x2  
  95  17:36  Siege Tank  
  102  17:38  Factory Tech Lab  
  102  17:42  SCV  
  103  17:44  Factory Tech Lab  
  103  17:54  SCV  
  104  18:04  Medivac x2  
  108  18:06  SCV  
  108  18:07  Refinery  
  108  18:08  Refinery  
  109  18:13  Orbital Command  
  109  18:14  Siege Tank  
  109  18:17  Siege Tank x3  
  109  18:19  Siege Tank  
  124  18:34  Medivac  
  101  18:51  Siege Tank  
  95  19:04  Marine  
  95  19:05  Marine x2  
  95  19:06  Marauder x2, Marine x3  
  105  19:22  Marine x2  
  105  19:23  Marine x2  
  105  19:24  Marine x2  
  109  19:27  Marauder x2  
  115  19:49  Marine x4  
  115  19:50  Marauder x2, Marine  
  115  19:51  Medivac x2  
  128  20:11  Marauder  
  130  20:21  Medivac  
Show
View Real Time Build Order
Export as new Build Order

Sain Zerg - Winner!

Build Orders: Pool First 

Get SALT Encoding   

  12  0:01  Drone  
  13  0:09  Drone  
  14  0:20  Extractor x2  
  13  0:21  Drone  
  13  0:23  Drone  
  16  0:40  Spawning Pool  
  15  0:44  Extractor  
  15  0:49  Overlord  
  14  1:13  Hatchery  
  13  1:21  Drone x2  
  15  1:31  Drone  
  16  1:41  Drone  
  16  1:46  Drone  
  18  1:52  Roach Warren  
  17  1:58  Extractor, Drone  
  17  2:12  Drone  
  18  2:18  Queen  
  20  2:25  Drone  
  21  2:34  Drone x2  
  23  2:46  Drone x2  
  23  2:49  Drone x2  
  27  3:02  Drone  
  27  3:03  Overlord  
  28  3:09  Extractor  
  28  3:11  Extractor  
  26  3:16  Drone x2  
  28  3:22  Drone  
  28  3:23  Drone  
  28  3:26  Lair  
  29  3:36  Spore Crawler  
  29  3:39  Spore Crawler  
  27  3:43  Drone x2  
  27  3:46  Drone  
  30  3:51  Drone x2  
  30  3:54  Drone  
  33  3:57  Drone  
  34  4:04  Drone x2  
  36  4:16  Overlord  
  36  4:21  Overlord  
  36  4:30  Overlord  
  36  4:33  Queen  
  38  4:42  Spire  
  37  4:47  Drone x2  
  37  4:48  Spire  
  38  4:54  Drone  
  38  4:55  Drone x2  
  38  4:56  Drone  
  42  5:00  Drone  
  42  5:01  Drone  
  42  5:06  Drone x2  
  46  5:20  Drone x2  
  48  5:34  Drone  
  48  5:35  Spire, Drone x3  
  51  5:52  Hatchery, Extractor  
  49  5:58  Extractor  
  49  5:59  Zerg Flyer Weapons Level 1  
  49  6:01  Zerg Flyer Armor Level 1  
  49  6:04  Mutalisk x3  
  54  6:40  Mutalisk x2  
  54  6:41  Mutalisk  
  54  6:43  Overlord  
  54  6:44  Overlord x5  
  60  7:01  Mutalisk x3  
  60  7:02  Hatchery  
  60  7:05  Extractor x2  
  60  7:07  Mutalisk  
  65  7:30  Lair  
  65  7:32  Drone x7  
  72  7:41  Infestation Pit  
  71  7:44  Drone x3  
  74  7:56  Mutalisk x3  
  80  7:59  Mutalisk  
  82  8:06  Zerg Flyer Weapons Level 2  
  82  8:14  Zerg Flyer Armor Level 2  
  82  8:18  Drone x3  
  82  8:19  Drone  
  86  8:44  Mutalisk x3  
  86  8:45  Mutalisk  
  86  8:47  Mutalisk  
  96  8:50  Drone  
  96  8:51  Drone  
  98  9:06  Mutalisk  
  98  9:07  Mutalisk x4  
  108  9:17  Mutalisk  
  108  9:18  Mutalisk  
  108  9:19  Mutalisk  
  108  9:20  Hatchery  
  108  9:23  Extractor  
  112  9:24  Extractor  
  112  9:30  Mutalisk  
  113  9:32  Mutalisk  
  115  9:50  Mutalisk  
  115  9:51  Mutalisk  
  119  9:55  Overlord  
  119  9:56  Overlord x6  
  119  10:18  Hive  
  119  10:28  Mutalisk x7  
  133  10:40  Drone x6  
  139  10:46  Drone x3  
  139  10:47  Drone  
  143  11:44  Drone  
  143  11:45  Drone x15  
  159  12:47  Zerg Flyer Weapons Level 3  
  159  12:49  Zerg Flyer Armor Level 3  
  159  12:53  Greater Spire  
  159  14:02  Mutalisk  
  159  14:03  Mutalisk x6  
  159  14:06  Overlord  
  159  14:07  Overlord x2  
  173  14:31  Drone x5  
  174  14:32  Drone  
  174  14:35  Overlord  
  179  15:01  Mutalisk, Hatchery  
  179  15:02  Mutalisk x10  
  179  15:04  Extractor x2  
  198  15:10  Extractor  
  198  15:11  Hatchery  
  194  15:16  Extractor  
  183  15:24  Mutalisk x6  
  183  15:25  Mutalisk x3  
  199  16:30  Greater Spire  
  199  16:31  Greater Spire  
  199  17:22  Evolution Chamber  
  198  17:23  Evolution Chamber  
  198  17:27  Ultralisk Cavern  
  196  18:13  Overseer  
  196  18:39  Overlord x7  
  196  18:40  Overlord x6  
  196  19:12  Overseer  
  196  19:13  Pneumatized Carapace  
  196  19:15  Overseer  
  196  19:16  Overseer  
  196  19:31  Overseer x3  
  196  19:41  Mutalisk x2  
  200  21:03  Overseer x6  
  200  21:04  Overseer x5  
  200  21:12  Overseer x9  
  200  21:30  Overseer  
  200  21:31  Overseer x4  
Tags
 
Add a new tag
Caveats
  • Supply blocks, unpowered buildings, or Contaminate may cause inaccurate times.
  • Supply counts are checked every 10 seconds.